 Dungeon Crawl Stone Soup version 0.28.0-47-ge53b351184 (webtiles) character file.

Game seed: 14768076481749059076

9 101zpm the Magician (level 2, -2/21 HPs)
             Began as a Djinni Ice Elementalist on Apr 26, 2022.
             Slain by a goblin
             ... wielding a +0 club
             ... led by Robin
              (3 damage)
             ... on level 2 of the Dungeon.
             The game lasted 00:00:40 (289 turns).

101zpm the Magician (Djinni Ice Elementalist)        Turns: 289, Time: 00:00:40

Health: -2/21      AC:  2    Str:  7    XL:     2   Next: 25%
Gold:   0          EV: 12    Int: 16    God:
                   SH:  0    Dex: 13

rFire   + + .      SeeInvis .   (no weapon)
rCold   x . .      Faith    .   (no shield)
rNeg    . . .      Spirit   .   a - +0 robe
rPois   ∞          Reflect  .   (no helmet)
rElec   .          Harm     .   (no cloak)
rCorr   .          Rampage  .   (no gloves)
Will    .....                   (boots unavailable)
Stlth   ++........              (no amulet)
HPRegen 0.07/turn               (no ring)
MPRegen 0.00/turn               (no ring)

@: flying
A: sickness immunity, fire resistance 2, cold vulnerability 1, float, innate
caster, HP casting, extra vitality 1
a: no special abilities


You were on level 2 of the Dungeon.
You visited 1 branch of the dungeon, and saw 2 of its levels.

Inventory:

Armour
 a - a +0 robe (worn)
Scrolls
 b - a scroll of teleportation {unknown}


   Skills:
 + Level 2.1 Dodging
 + Level 1.5 Stealth
 + Level 3.6 Spellcasting


You couldn't memorise any spells.
You knew the following spells:

 Your Spells              Type           Power      Damage    Failure   Level
a - Freeze                Ice            56%        1d7       4%          1
b - Frozen Ramparts       Ice            28%        1d4       12%         3
c - Ozocubu's Armour      Ice            14%        N/A       12%         3
d - Hailstorm             Conj/Ice       14%        3d5       36%         4
Your spell library was empty.

Dungeon Overview and Level Annotations

Branches:
Dungeon (2/15)

Altars:

Annotations:
D:2 Robin


Innate Abilities, Weirdness & Mutations

You are immune to sickness and miasma.
You are immune to poison.
Your flesh is very heat resistant. (rF++)
You are vulnerable to cold. (rC-)
You float through the air rather than walking.
You learn spells naturally, not from books.
Your magical power is your life essence.
You have superior vitality. (+4 MHP)


Message History

A hobgoblin comes into view.
An endoplasm comes into view.
You freeze the goblin.
You kill the goblin!
You have reached level 2!
You freeze the goblin.
The goblin is heavily wounded.
A goblin comes into view. It is wielding a +0 club.
The goblin closely misses you.
The goblin moves out of view.
You freeze the goblin.
The goblin is severely wounded.
Robin of the Strong Arm comes into view.
They are wielding a +0 club.
The goblin hits you with a +0 club.
You freeze the goblin.
You kill the goblin!
You are too injured to fight recklessly!
Aiming: Freeze (safe; 4% risk of failure)
Press: ? - help, Q - select action Shift-Dir - straight line, f - kobold
Aim: a kobold, wielding a +0 dagger and quivering stones You freeze the kobold.
The kobold is heavily wounded.
Unknown command.
Aiming: Freeze (safe; 4% risk of failure)
Press: ? - help, Q - select action Shift-Dir - straight line, f/p - kobold
Aim: a kobold, wielding a +0 dagger and quivering stones (heavily wounded)
You freeze the kobold.
You kill the kobold!
Robin throws the goblin at you! The goblin hits you with a +0 club.
* * * LOW HITPOINT WARNING * * *
The goblin hits you with a +0 club.
* * * LOW HITPOINT WARNING * * *
Aiming: Freeze (safe; 4% risk of failure)
Press: ? - help, Q - select action Shift-Dir - straight line, f - goblin
Aim: a goblin, wielding a +0 club You freeze the goblin.
The goblin is moderately wounded.
* * * LOW HITPOINT WARNING * * *
The goblin hits you with a +0 club.
* * * LOW HITPOINT WARNING * * *
The goblin hits you with a +0 club.
You die... # .. . ... . #. ..... .. #. #.#.# ...##.# #####.#.# gggg.

#.....#.# ##
##Jg###.###.#.##...
#.ggg@g............
#.gg###.###.#.#######
.......
#.#..).......<#
#......
#.#.#.#.#######
#...... #.#.#.#.#
#...... #.#.#.#.#
#...... #.#.#.#.#
#.#.#.. #.#.#.#.#
#.#.#.#.#


You could see Robin, an endoplasm, 3 hobgoblins and 7 goblins.

Vanquished Creatures
  A bat (D:1)
  A giant cockroach (D:1)
  2 goblins (D:2)
  A kobold (D:2)
  A quokka (D:1)
  2 frilled lizards (D:1)
8 creatures vanquished.

Notes
Turn   | Place    | Note
-------+----------+-------------------------------------------
     0 | D:1      | 101zpm the Djinni Ice Elementalist began the quest for the
                  | Orb.
     0 | D:1      | Reached XP level 1. HP: 15/15 MP: 0/0
     1 | D:1      | Noticed an electric eel
   284 | D:2      | Reached XP level 2. HP: 14/21 MP: 0/0
   285 | D:2      | Noticed Robin
   289 | D:2      | HP: 1/21 [goblin/+0 club[Robin] (2)]
   289 | D:2      | Slain by a goblin

Illustrated notes

Levels and vault maps discovered:
D:1:      arrival_aquarium_a, layout_loops_corners,
          shapermc_ecumenical_altar_petra, st_stairs_7, minmay_misc_feat_x,
          minmay_statues_item
D:2:      layout_basic, serial_shops, shop, minivault_5,
          amcnicky_mini_pool_small, uniq_robin

Action                   || total
-------------------------++-------
Melee: Unarmed           ||     2
 Cast: Freeze            ||    15
Armor: Robe              ||     3
Dodge: Dodged            ||     9
